AoeStats
← SirDude

MegaRandom

504355735Analyzed
1v1 RM · 28d ago on Sep 5, 2026· 22m 0s· 2 players
Game mode
Random Map
Map size
Tiny (2 player)
Population
200
Speed
Normal
Resources
Standard
Victory
Conquest
Starting age
Dark Age
Ending age
Imperial Age
RankedLock teamsTeams togetherTeam positionsShared explorationLock speedFull tech treeHidden civsTurbo modeCheats
Victory
Defeat
🇺🇸 Vietnamese · United States
1326
+14
🇺🇸 Celts · United States
1286
-14
SweetLou013
5:07 Loom
9:59 Feudal Age
11:00 Horse Collar
11:08 Double-Bit Axe
18:13 Castle Age
SirDude
11:00 Feudal Age
15:07 Castle Age
13:57 Double-Bit Axe
14:55 Horse Collar
16:48 Loom
20:19 Scale Mail Armor
20:24 Scale Barding Armor
20:11 Fletching
21:24 Forging
22:39 Chain Barding Armor
Connection lost

Rejoining the realm…

Still unreachable

The connection could not be restored.

Session expired

The server has moved on; the page needs a fresh start.